 Dungeon Crawl Stone Soup version 0.28.0-47-ge53b351184 (webtiles) character file.

Game seed: 12234391836962159482

108 Bruhh the Magician (level 5, 0/35 HPs)
             Began as a Djinni Fire Elementalist on Apr 30, 2022.
             Slain by an orc wizard
             ... wielding a +0 dagger
              (2 damage)
             ... on level 3 of the Dungeon.
             The game lasted 00:05:07 (3114 turns).

Bruhh the Magician (Djinni Fire Elementalist)       Turns: 3114, Time: 00:05:07

Health: 0/35       AC:  2    Str:  7    XL:     5   Next: 12%
Gold:   119        EV: 12    Int: 19    God:
                   SH:  0    Dex: 13

rFire   + + +      SeeInvis .   n - +2 hand axe of Kismet {flame, rPois rF+ rC+}
rCold   . . .      Faith    .   (no shield)
rNeg    . . .      Spirit   .   a - +0 robe
rPois   ∞          Reflect  .   (no helmet)
rElec   .          Harm     .   (no cloak)
rCorr   .          Rampage  .   (no gloves)
Will    .....                   (boots unavailable)
Stlth   ++........              (no amulet)
HPRegen 0.11/turn               (no ring)
MPRegen 0.00/turn               (no ring)

@: flying
A: sickness immunity, fire resistance 2, cold vulnerability 1, float, innate
caster, HP casting, extra vitality 1
a: no special abilities


You were on level 3 of the Dungeon.
You visited 1 branch of the dungeon, and saw 3 of its levels.

You collected 119 gold pieces.

Inventory:

Hand Weapons
 b - a +1 whip of electrocution
 k - the +0 dagger of Vaagiyff {drain, rF+ rC+ rCorr Stlth-}
   (You found it on level 2 of the Dungeon)

   A truly terrible weapon, it drains the life of any living foe it strikes.
   rF:        It protects you from fire.
   rC:        It protects you from cold.
   rCorr:     It protects you from acid and corrosion.
   Stlth:     It makes you less stealthy.
 n - the +2 hand axe of Kismet (weapon) {flame, rPois rF+ rC+}
   (You found it on level 2 of the Dungeon)

   It burns those it strikes, dealing additional fire damage.
   Big, fiery blades are also staple armaments of hydra-hunters.
   rF:        It protects you from fire.
   rC:        It protects you from cold.
   rPois:     It protects you from poison.
Armour
 a - a +0 robe (worn)
Scrolls
 c - 4 scrolls of immolation {unknown}
 d - a scroll of amnesia {unknown}
 e - a scroll of identify {unknown}
 j - 4 scrolls of teleportation {unknown}
 l - a scroll of brand weapon {unknown}
 m - a scroll of magic mapping {unknown}
 o - a scroll of noise {unknown}
 p - a scroll of fog {unknown}
 r - 2 scrolls of fear {unknown}
Potions
 f - a potion of curing {unknown}
 g - a potion of invisibility {unknown}
 h - a potion of haste {unknown}
 i - a potion of degeneration {unknown}
 q - a potion of lignification {unknown}


   Skills:
 - Level 2.1 Dodging
 - Level 1.5 Stealth
 + Level 4.2 Spellcasting


You couldn't memorise any spells.
You knew the following spells:

 Your Spells              Type           Power      Damage    Failure   Level
a - Foxfire               Conj/Fire      80%        2x1d8     2%          1
b - Scorch                Fire           40%        2d7       3%          2
c - Conjure Flame         Conj/Fire      20%        6-21      7%          3
d - Inner Flame           Hex/Fire       20%        N/A       7%          3
e - Flame Wave            Conj/Fire      20%        2d7       24%         4
f - Sandblast             Erth           40%        2d10      2%          1
g - Corpse Rot            Necr/Air       40%        N/A       3%          2
Your spell library was empty.

Dungeon Overview and Level Annotations

Branches:
Dungeon (3/15)

Altars:

Shops:
D:1 (


Innate Abilities, Weirdness & Mutations

You are immune to sickness and miasma.
You are immune to poison.
Your flesh is very heat resistant. (rF++)
You are vulnerable to cold. (rC-)
You float through the air rather than walking.
You learn spells naturally, not from books.
Your magical power is your life essence.
You have superior vitality. (+4 MHP)


Message History

Flames lash the orc priest.
The orc priest is burned terribly!
The orc priest is almost dead.
You hit the orc priest. You burn the orc priest.
You kill the orc priest!
An orc wizard comes into view. It is wielding a +0 dagger.
The kobold hits you but does no damage.
Your Spellcasting skill increases to level 4!
You have reached level 5!
The power to cast Corpse Rot wells up from within.
Spell assigned to 'g'.
Casting: Scorch (safe; 3% risk of failure)
Confirm with . or Enter, or press ? or * to list all spells.
You smell decay.
The kobold is engulfed in dark miasma.
The kobold is poisoned.
The kobold closely misses you.
The kobold is engulfed in dark miasma.
The kobold looks even sicker.
The kobold seems to slow down.
You kill the kobold!
Casting: Corpse Rot (safe; 3% risk of failure)
Confirm with . or Enter, or press ? or * to list all spells.
Flames lash the orc.
You kill the orc!
Unknown command.
Casting: Scorch (safe; 3% risk of failure)
Confirm with . or Enter, or press ? or * to list all spells.
Flames lash the orc.
You kill the orc!
* * * LOW HITPOINT WARNING * * *
The orc wizard casts a spell.
The orc wizard flickers and vanishes!
Deactivating autopickup; reactivate with Ctrl-A.
You hear some strange, mumbled words.
Something tries to affect you, but you resist.
You hit something but do no damage. Something completely misses you.
You closely miss something.
You hear some strange, mumbled words.
A magic dart appears from out of thin air!
The magic dart hits you!
* * * LOW HITPOINT WARNING * * *
You barely miss something. Something hits you.
You die...

#..........# ##.#
. #..........#
#.# .
#..........# .#..
#.# ####.#######
#.....#.# #.# #..
.#...# #.# ##..
..< #.#
####..####.# #.#
#....##.$..#..##
#.#
#.#.....@{).....
#.#
#.#(...#####..##
#.###.........#
##.#....######...
#..#.#.## ##
#......# ###..###
...... .......#


There were no monsters in sight!

Vanquished Creatures
  An orc priest (D:3)
  2 adders (D:2)
  4 dart slugs
  3 orcs (D:3)
  11 ball pythons
  3 bats
  4 endoplasms
  2 giant cockroaches (D:1)
  3 goblins
  2 hobgoblins
  4 kobolds
  5 quokkas
  3 frilled lizards (D:2)
  2 rats (D:1)
49 creatures vanquished.

Vanquished Creatures (others)
  21 foxfires (D:1)
21 creatures vanquished.

Grand Total: 70 creatures vanquished

Notes
Turn   | Place    | Note
-------+----------+-------------------------------------------
     0 | D:1      | Bruhh the Djinni Fire Elementalist began the quest for the
                  | Orb.
     0 | D:1      | Reached XP level 1. HP: 15/15 MP: 0/0
   245 | D:1      | Reached XP level 2. HP: 15/21 MP: 0/0
   373 | D:1      | Found Gudech's Weapon Boutique.
   572 | D:1      | Reached skill level 3 in Spellcasting
   955 | D:1      | Found a faded altar of an unknown god.
  1389 | D:1      | Reached XP level 3. HP: 18/25 MP: 0/0
  1389 | D:1      | Learned a level 1 spell: Sandblast
  1851 | D:2      | Identified the +0 dagger of Vaagiyff {drain, rF+ rC+ rCorr
                  | Stlth-}
  2227 | D:2      | Identified the +2 hand axe of Kismet {flame, rPois rF+ rC+}
  2541 | D:2      | Reached XP level 4. HP: 12/31 MP: 0/0
  3107 | D:3      | Reached skill level 4 in Spellcasting
  3107 | D:3      | Reached XP level 5. HP: 14/35 MP: 0/0
  3107 | D:3      | Learned a level 2 spell: Corpse Rot
  3114 | D:3      | Slain by an orc wizard

Illustrated notes

Levels and vault maps discovered:
D:1:      dpeg_arrival_tiny_d, layout_basic, serial_shops,
          nicolae_shop_hallway_plus, basic_ecumenical_altar, st_stairs_3
D:2:      layout_loops_ring, minivault_26, st_stairs_8,
          minmay_fractal_squares_gapless_5
D:3:      layout_rooms, lemuel_crystal_altar, solitary_fountain,
          kennysheep_cluttered_room, nicolae_elevator_lobby_asterisk

Skill      XL: |  1  2  3  4 |
---------------+-------------+-----
Spellcasting   | 3 4 |  4.2
Dodging        | |  2.1
Stealth        | |  1.5

Action                   |  1- 3 |  4- 6 || total
-------------------------+-------+-------++-------
Melee: Whip              |     2 |       ||     2
       Dagger            |    24 |       ||    24
       Hand axe          |    12 |     4 ||    16
 Cast: Foxfire           |    14 |       ||    14
       Scorch            |    23 |    14 ||    37
       Corpse Rot        |       |     1 ||     1
Armor: Robe              |     9 |     3 ||    12
Dodge: Dodged            |    31 |     4 ||    35
